[Event "*** Titled Tuesday Blitz"]
[Site "Chess.com"]
[Date "2021.02.02"]
[Round "7"]
[White "Kapitan_Bayan"]
[Black "Aygehovit1992"]
[Result "0-1"]
[WhiteElo "2436"]
[BlackElo "2614"]
[TimeControl "180+1"]
[EndTime "11:20:51 PST"]
[Termination "Aygehovit1992 won by checkmate"]

1. d4 Nf6 2. Nf3 g6 3. c4 Bg7 4.
Nc3 d5 5. cxd5 Nxd5 6. e4 Nxc3 7. bxc3 c5 8. Rb1 O-O 9. Be2 b6 10. O-O Qc7 11. Qb3 Nc6 12. Be3 Bg4 13. d5 Ne5 14.
c4 Nxf3+ 15. Bxf3 Bxf3 16. gxf3 f5 17. Qc2 Be5 18. h3 fxe4 19. Qxe4 Rae8 20. Rbd1 Rf5 21. Rfe1 Ref8 22. Bh6 R8f7 23. d6 exd6 24. Qa8+ Rf8 25.
Bxf8 Rxf8 26. Qd5+ Kg7 27. Re4 h5 28. Kg2 Qe7 29.
h4 Qf6 30. Qd3 Bf4 31. Rh1 a6 32. a4 Rf7 33. Qd5 Be5 34. Qd3 Qf5 35. Rh3 Qd7 36.
Qb3 Qd8 37. Rh1 Bd4 38. Rb1 Qf6 39. Rd1 Qf5 40. Rd3 g5 41. hxg5 Qxg5+ 42. Kf1 Kh6 43.
Qxb6 Qc1+ 44. Ke2 Qc2+ 45. Rd2 Qxc4+ 46. Ke1 Rf6 47. Qd8 Qc1+ 48. Ke2 Qc4+ 49. Ke1 Qf7 50. Re8 Rxf3 51. Qe7 Qxe7+ 52. Rxe7 Rf6 53. Re4 Bc3 54. Ke2 Bxd2 55. Kxd2 Rxf2+ 56. Kc3 Rf6 57. Kc4 Kg5 58. Kd5 h4 59. Re1 h3 60. Rg1+ Kh4 61.
Rg8 Rh6 62. a5 h2 63. Kc6 h1=Q+ 64. Kb6 c4 65. Ka7 c3 66. Rb8 Rh7+ 67. Kb6 Qb1+ 68. Kxa6 Qd3+ 69. Rb5 c2 70. Kb6 Qxb5+ 71. Kxb5 c1=Q 72.
Ka6 Rc7 73. Kb6 Qc5+ 74. Ka6 Ra7# 0-1

[Event "*** Titled Tuesday Blitz"]
[Site "Chess.com"]
[Date "2021.02.02"]
[Round "7"]
[White "scarabee43"]
[Black "serhanberat_ozdemir"]
[Result "0-1"]
[WhiteElo "2582"]
[BlackElo "2445"]
[TimeControl "180+1"]
[EndTime "11:20:56 PST"]
[Termination "serhanberat_ozdemir won by checkmate"]

1. d4 Nf6 2. c4 g6 3. Nc3 Bg7 4. e4 d6 5. Nf3 O-O 6. Be2 Bg4 7. Be3 Nfd7 8. Qd2 c5 9. d5 Na6 10. O-O Nc7 11. a4 Re8 12. h3 Bxf3 13. Bxf3 e6 14.
dxe6 Nxe6 15. Qxd6 Nd4 16. Nd5 Ne5 17. Qxd8 Raxd8 18. Bxd4 cxd4 19. Rac1 a5 20. Rfd1 Nd7 21. c5 Rc8 22. Bg4 Rcd8 23. Bxd7 Rxd7 24. f3 f5 25. Nb6 Rc7 26. Nd5 Rd7 27. Re1 d3 28. Rcd1 fxe4 29.
fxe4 Bd4+ 30. Kh1 d2 31. Rxd2 Rxd5 32. exd5 Rxe1+ 33. Kh2 Bxc5 34. d6 Re8 35. d7 Rd8 36. Rd5 b6 37. Kg3 Kf7 38. Kf4 Ke6 39. Re5+ Kf6 40.
Rd5 Ke6 41. Re5+ Kxd7 42. Rd5+ Ke7 43. Rxd8 Kxd8 44. Kg5 Ke7 45. Kh6 Kf6 46. Kxh7 Bd4 47. b3 g5 48. Kh6 Be3 49. Kh5 Bf2 50. Kg4 Bc5 51. Kf3 Kf5 52. g4+ Kf6 53. Ke4 Ke6 54. Kf3 Ke5 55. Kg3 Be7 56. Kf3 Kd4 57. Ke2 Kc3 58.
Ke3 Kxb3 59. Ke4 Kxa4 60. Kf5 Kb4 61. Ke6 Bc5 62. Kf6 Be3 63. Kg6 a4 64. Kh5 a3 65.
h4 gxh4 66. Kxh4 a2 67. g5 a1=Q 68. g6 Qf6+ 69. Kg4 Qxg6+ 70. Kf3 Bc5 71. Ke2 Qe4+ 72. Kd2 Qe3+ 73. Kd1 Qf2 74. Kc1 Kc3 75. Kb1 Qc2+ 76. Ka1 Qc1+ 77. Ka2 Qb2# 0-1

[Event "*** Titled Tuesday Blitz"]
[Site "Chess.com"]
[Date "2021.02.02"]
[Round "7"]
[White "dukicz123"]
[Black "GMaka"]
[Result "0-1"]
[WhiteElo "2574"]
[BlackElo "2423"]
[TimeControl "180+1"]
[EndTime "11:20:56 PST"]
[Termination "GMaka won by resignation"]

1. e4 Nf6 2. e5 Nd5 3. d4 d6 4. Nf3 Bg4 5. Be2 e6 6. O-O Be7 7. c4 Nb6 8. Nc3 Nc6 9. exd6 cxd6 10. b3 d5 11. c5 Nd7 12. b4 Nxb4 13. Rb1 Nc6 14. Rxb7 O-O 15. Qa4 Rc8 16. Bb5 Ndb8 17. Bf4 Bxf3 18. gxf3 Bf6 19. Ne2 a6 20. Bd3 Qa5 21.
Qxa5 Nxa5 22. Rb4 Nbc6 23. Ra4 Nc4 24. Bxc4 dxc4 25. Rxc4 Rfd8 26. Bd6 Be7 27. Rb1 Bxd6 28. cxd6 Nb8 29. Rc5 Nd7 30. Rc7 Nf6 31. Rbb7 Rf8 32. Nc3 Rcd8 33. Rc6 a5 34. Ra7 Rd7 35. Rxa5 Rfd8 36.
Ne4 Ne8 37. Raa6 h6 38. Kg2 g5 39. a4 Kg7 40. a5 Kg6 41. Kg3 f5 42. Nc5 Rxd6 43.
Nxe6 Rxc6 44. Rxc6 Ra8 45. a6 Kh5 46. Ng7+ Nxg7 47.
d5 f4+ 48. Kg2 Nf5 49. Rf6 Nh4+ 50. Kf1 Nxf3 51. d6 Rxa6 52. d7 Ra8 53. Rd6 Rd8 54. Rd5 Nxh2+ 55. Kg2 Ng4 56. Kf3 Nf6 57. Rd6 Nxd7 58. Kg2 Kg4 59. f3+ Kf5 60. Kf2 Ke5 61.
Rd1 h5 62. Rh1 Nf6 63. Rg1 Rd2+ 64. Ke1 Rd3 65. Rxg5+ Kd4 66. Rf5 Nd5 67. Kf2 Rd2+ 68. Ke1 Ke3 69. Rxh5 Re2+ 70. Kf1 Rf2+ 71. Kg1 Rd2 72.
Rh3 Nc3 73. Kh1 Ne2 74. Rh2 Ng3+ 75. Kg1 Rxh2 76. Kxh2 Kxf3 0-1

[Event "*** Titled Tuesday Blitz"]
[Site "Chess.com"]
[Date "2021.02.02"]
[Round "7"]
[White "Make_it_shine060"]
[Black "PerAsperaAdAstraCB"]
[Result "0-1"]
[WhiteElo "2165"]
[BlackElo "2354"]
[TimeControl "180+1"]
[EndTime "11:20:59 PST"]
[Termination "PerAsperaAdAstraCB won by resignation"]

1. d4 Nf6 2. c4 c5 3. d5 b5 4. Qc2 bxc4 5. e4 e6 6. Bxc4 exd5 7. exd5 d6 8. Nf3 Be7 9. O-O O-O 10. Nc3 Nbd7 11.
Bg5 Nb6 12. Bd3 h6 13. Bd2 Nfxd5 14. Nxd5 Nxd5 15. Be4 Be6 16. Qd3 c4 17. Qxc4 Ne3 18. Qd3 Nxf1 19. Rxf1 d5 20. Bh7+ Kh8 21. Ne5 Bf6 22. Bc3 Qd6 23. Nc4 Qd8 24. Ne5 Rc8 25. Re1 Re8 26. h3 d4 27. Bxd4 Bxa2 28. f4 Bc4 29. Qd2 a6 30. Bb1 Kg8 31. Kh2 Bxe5 32. fxe5 Qd5 33. Qf4 Rcd8 34. Bc3 Bd3 35. Rd1 Qb5 36.
Ba2 Bg6 37. Rf1 Rd5 38. Bxd5 Qxd5 39. b4 Re6 40. Qg4 Qb3 41. Bd2 h5 42. Qe2 Qd5 43. Bf4 Bd3 44. Qd2 Qe4 45. Re1 Qf5 46. Bg3 h4 47.
Bxh4 Rxe5 48. Rd1 Bb5 49. Qd8+ Re8 50. Qd4 f6 51. Bg3 Qe4 52. Qd2 Qc4 53. Re1 Re4 54.
Qd8+ Kh7 55. Rd1 Qe6 56. Rd7 Qe8 57. Qxe8 Rxe8 58. Rxg7+ Kxg7 59. h4 Kf7 60. Kh3 Re4 61. h5 Rxb4 62. h6 Kg6 63. h7 Kxh7 64. Bh4 Kg6 65. g4 Rb3+ 66. Bg3 Bc6 67. Kh4 a5 68. Bf4 Rb1 69. g5 fxg5+ 70. Bxg5 Rb4+ 71. Kg3 Kxg5 0-1

[Event "*** Titled Tuesday Blitz"]
[Site "Chess.com"]
[Date "2021.02.02"]
[Round "7"]
[White "eCztery"]
[Black "PopMilan95"]
[Result "0-1"]
[WhiteElo "2438"]
[BlackElo "2612"]
[TimeControl "180+1"]
[EndTime "11:21:02 PST"]
[Termination "PopMilan95 won by resignation"]

1. e4 d6 2. d4 Nf6 3. Nc3 e5 4.
Nf3 exd4 5. Nxd4 Be7 6. Be2 O-O 7. Bf4 Nc6 8. Qd2 Nxd4 9. Qxd4 Be6 10. O-O-O a6 11.
Kb1 Nd7 12. g4 b5 13. h4 b4 14. Nd5 Bxd5 15. Qxd5 Nc5 16. h5 Ne6 17. Be3 Bg5 18. e5 Bxe3 19. fxe3 dxe5 20. Qxe5 Qg5 21. Qe4 Rad8 22.
Bd3 g6 23. hxg6 hxg6 24. Rh5 Qf6 25. Rdh1 Rfe8 26. Rh6 Ng5 27. Qg2 Rd6 28. Qh2 Kf8 29. b3 a5 30. Rh8+ Ke7 31. Rxe8+ Kxe8 32. Qf4 Ke7 33. Qc4 c6 34. Qc5 Kf8 35. Rf1 Qe7 36. Bc4 Kg7 37. Qxa5 Rf6 38. Rxf6 Kxf6 39. Qb6 Kg7 40.
Qd4+ f6 41. Qf4 c5 42. Qf2 Ne4 43. Qe1 Nc3+ 44. Kb2 Qe5 45. Kc1 Nxa2+ 46. Kd1 Qc3 47. Qxc3 Nxc3+ 48. Kd2 f5 49. gxf5 gxf5 50. Kd3 Kf6 51.
Ba6 Ke5 52. Kc4 Kd6 53. Bb7 Nd1 54. Kd3 Ke5 55. Bf3 Nb2+ 56. Kd2 c4 57. bxc4 Nxc4+ 58. Kd3 Nd6 59. c3 b3 60. Bd1 b2 61. Kc2 Nc4 62. Be2 Nxe3+ 63. Kxb2 Nd5 64. c4 Nf4 65. Bf1 Kd4 66. Kb3 Ne6 67. Kb4 f4 68. Bh3 Nc5 69. Bf1 f3 70. Kb5 f2 71. Kb4 Ne4 72.
Kb3 Nd2+ 73. Kc2 Nxf1 74. Kd1 Ne3+ 75. Ke2 f1=Q+ 0-1

[Event "*** Titled Tuesday Blitz"]
[Site "Chess.com"]
[Date "2021.02.02"]
[Round "7"]
[White "zimmm36"]
[Black "Homino"]
[Result "1-0"]
[WhiteElo "2106"]
[BlackElo "2293"]
[TimeControl "180+1"]
[EndTime "11:21:10 PST"]
[Termination "zimmm36 won by resignation"]

1. d4 Nf6 2. c4 c5 3. d5 b5 4. cxb5 a6 5. bxa6 Bxa6 6. Nc3 d6 7. g3 g6 8. Bg2 Bg7 9. Nf3 O-O 10. Rb1 Nbd7 11. O-O Ra7 12. b3 Qa8 13. Bb2 Rb8 14. a4 Rab7 15. Nd2 c4 16. Nb5 Bxb5 17. axb5 cxb3 18.
Nxb3 Rxb5 19. Bxf6 Bxf6 20. Qd3 Qa2 21. Nd2 Rxb1 22. Rxb1 Rxb1+ 23. Nxb1 Nc5 24. Qb5 Kg7 25. e3 Nb3 26. Be4 Qb2 27. Kg2 h5 28. h4 Be5 29.
Qd3 f5 30. Bf3 Nc5 31. Qd1 Bf6 32. Nd2 Nd3 33. Qe2 Ne5 34. Qd1 Nxf3 35. Nxf3 Qc3 36. Qe2 Qb4 37. Qd3 Qe4 38. Qb3 g5 39. hxg5 Bxg5 40.
Qd1 Bf6 41. Kf1 h4 42. gxh4 Bxh4 43. Ke2 Bf6 44. Qd3 Qxd3+ 45. Kxd3 Kg6 46. Nd2 Kg5 47. f4+ Kg4 48. Nc4 Kf3 49. Na5 Bh4 50. Nc6 Bf6 51.
Nd8 Bh4 52. Ne6 Bf2 53. Nd4+ Kg4 54. Ke2 Bg3 55. Ne6 Bh2 56. Nd4 Bxf4 57. exf4 Kxf4 58.
Nc6 Ke4 59. Nxe7 f4 60. Kf2 Ke5 61. Kf3 Kf6 62. Nc6 Kf5 63. Ne7+ Ke5 64. Ke2 Ke4 65. Kf2 Ke5 66. Kg2 Kf6 67. Nc6 Kf5 68. Kf3 Kg5 69.
Ke4 Kg4 70. Nd4 Kg3 71. Nf3 Kg4 72. Nd4 Kg3 73. Nf5+ Kg4 74. Nxd6 f3 75. Nc4 f2 76. Ne3+ Kg3 77. d6 Kh4 78. d7 Kg5 79. d8=Q+ Kg6 80. Qd1 f1=Q 81. Qxf1 Kg7 82. Qf5 Kg8 83. Nd5 1-0

[Event "*** Titled Tuesday Blitz"]
[Site "Chess.com"]
[Date "2021.02.02"]
[Round "7"]
[White "mishanick"]
[Black "FairChess_on_YouTube"]
[Result "1-0"]
[WhiteElo "2912"]
[BlackElo "2929"]
[TimeControl "180+1"]
[EndTime "11:21:21 PST"]
[Termination "mishanick won by checkmate"]

1. e4 e5 2. Nf3 Nc6 3. Bb5 Nf6 4.
d3 Bc5 5. Nbd2 Nd4 6. Nxd4 Bxd4 7. c3 Bb6 8. d4 Qe7 9. O-O O-O 10. Nc4 d6 11. Nxb6 axb6 12. f3 Bd7 13. Bc4 b5 14.
Bb3 c5 15. Be3 b6 16. a3 Be6 17. d5 Bd7 18. Qd2 h6 19. Rae1 Nh5 20. g3 g5 21. Bd1 f6 22. Qg2 Qh7 23. f4 Ng7 24.
f5 h5 25. Be2 Ne8 26. Qf3 Ng7 27.
Kg2 Ra4 28. Bd3 Ne8 29. Bc2 Ra7 30. Rf2 Nc7 31. Bd1 Be8 32. Kg1 Bf7 33. Qe2 Rfa8 34.
Qd3 Kf8 35. Bc2 Ke8 36. h3 Qg7 37. Kh2 Kd8 38. Ra1 Kc8 39. Rg1 Kb7 40. h4 g4 41.
Rb1 Be8 42. Rff1 Qf7 43. Rfc1 Bd7 44. Qd2 Na6 45. Bd3 c4 46. Bc2 Nc5 47. Rd1 Kc7 48. Ra1 Be8 49. Qf2 Bd7 50. Rdb1 Ra6 51. Ra2 Rb8 52.
Qe2 Qe8 53. Bf2 Rba8 54. Qe3 Qf8 55. Rba1 Ra5 56. Rd1 R5a6 57. Raa1 Be8 58. Rab1 Bd7 59. Qe2 Be8 60. Be3 Bd7 61. Rd2 Qe8 62. Re1 Qf8 63.
Rdd1 Qe8 64. Bf2 Qf8 65. Qe3 R8a7 66. Rb1 Ra8 67. Rec1 Be8 68. Bd1 Bd7 69. Be2 Be8 70. Kg1 Ra4 71. Bf1 R4a6 72. b4 cxb3 73. c4 Rxa3 74.
Qd2 Ra2 75. Qe1 b4 76. Qxb4 R8a4 77. Qc3 Qh6 78. Be3 Qg7 79. Bxc5 bxc5 80. Qxb3 Kd8 81.
Qb8+ Ke7 82. Rb7+ Bd7 83. Rxd7+ Kxd7 84. Qb7+ Kd8 85. Qxg7 R4a3 86. Qxf6+ Kc8 87. Qe6+ Kb7 88. Rb1+ Ka6 89. Qxd6+ Ka5 90. Qxc5+ Ka4 91. Qb5# 1-0

[Event "*** Titled Tuesday Blitz"]
[Site "Chess.com"]
[Date "2021.02.02"]
[Round "7"]
[White "MasterMK73"]
[Black "Etud-otradnoe"]
[Result "1/2-1/2"]
[WhiteElo "2223"]
[BlackElo "2367"]
[TimeControl "180+1"]
[EndTime "11:21:22 PST"]
[Termination "Game drawn by repetition"]

1. e4 e6 2. d4 d5 3. Nd2 Nf6 4.
e5 Nfd7 5. c3 c5 6. f4 Nc6 7.
Ndf3 Qb6 8. g3 cxd4 9. cxd4 Bb4+ 10. Kf2 g5 11. h3 f6 12. Be3 gxf4 13. gxf4 fxe5 14.
fxe5 Rf8 15. Kg2 Ne7 16. Bd3 Nf5 17. Bf2 Qd8 18. Kh2 Qe7 19. Qe2 Ba5 20. Rf1 Bb6 21. Qd2 Rf7 22. Ne2 Nf8 23. Nf4 Ng6 24. Nxg6 hxg6 25.
Rhg1 Bd7 26. Ng5 Rg7 27. Rc1 Nxd4 28. Bxd4 Bxd4 29. Nf3 Bxg1+ 30. Kxg1 Bc6 31. Nd4 Rc8 32. Qg2 g5 33. Nxc6 Rxc6 34. Bb5 Qc7 35. Bxc6+ bxc6 36. Qc2 Qxe5 37. Qxc6+ Rd7 38. Qc8+ Ke7 39. Qc5+ Kf6 40. Rf1+ Kg6 41. Qf2 Qf4 42. Qg2 Qe3+ 43. Kh1 Rh7 44.
Qc2+ Qe4+ 45. Qxe4+ dxe4 46. Kg2 Rh4 47. Kg3 e5 48.
Rc1 Rf4 49. Rc6+ Kf5 50. Rc7 Rf3+ 51. Kg2 Rd3 52. Rxa7 e3 53. Kf3 e4+ 54. Ke2 Kf4 55. Rf7+ Kg3 56. Rg7 Kh4 57. Rh7+ Kg3 58. Rg7 Kf4 59.
a4 Rb3 60. Rf7+ Kg3 61. Rg7 Kxh3 62. Rxg5 Kh4 63. Rg8 Rxb2+ 64. Kxe3 Rb4 65. a5 Ra4 66. Ra8 Kg5 67. a6 Kf6 68. a7 Kg7 69. Kf4 Kh7 70.
Ke3 Kg7 71. Kf4 Kh7 72. Ke3 Kg7 1/2-1/2

[Event "*** Titled Tuesday Blitz"]
[Site "Chess.com"]
[Date "2021.02.02"]
[Round "7"]
[White "NMJeevanK"]
[Black "Deepweb2020"]
[Result "1-0"]
[WhiteElo "2520"]
[BlackElo "2384"]
[TimeControl "180+1"]
[EndTime "11:21:23 PST"]
[Termination "NMJeevanK won by checkmate"]

1. e4 e5 2. Nf3 Nc6 3. Bb5 a6 4. Ba4 Nf6 5. O-O b5 6. Bb3 Bc5 7. c3 d6 8. d4 Bb6 9. Re1 h6 10. h3 O-O 11. Bc2 Re8 12. d5 Ne7 13. Nbd2 Ng6 14.
Nf1 Nh5 15. Be3 Ngf4 16. Bxb6 cxb6 17. Ng3 Qf6 18. Re3 g5 19. Nxh5 Nxh5 20. Nxe5 Nf4 21. Ng4 Qg7 22. Qd4 Bxg4 23. Qxg7+ Kxg7 24. hxg4 Kf6 25. g3 Ng6 26. Rf1 Ne5 27. Bd1 Nc4 28. Re2 Re7 29. f4 Rae8 30. b3 Na5 31. fxg5+ Kxg5 32. Rf5+ Kg6 33. Bc2 Kg7 34. Ref2 Nb7 35. g5 h5 36. Rf6 Rf8 37. b4 Re5 38. g6 Re7 39. R6f5 Kxg6 40. e5 Kh6 41. Rh2 Rxe5 42. Rhxh5+ Kg7 43. Rhg5+ Kh6 44. Rxe5 dxe5 45. Rxe5 Rc8 46. Re3 Nd6 47.
Kg2 Kg7 48. g4 Kf6 49. Kg3 Nc4 50. Rf3+ Ke7 51. Bf5 Rd8 52. Rd3 Kd6 53. Kf4 Re8 54. Rh3 Kxd5 55. Rh7 Re2 56. Rxf7 Rf2+ 57. Kg5 Rxa2 58.
Kf6 Ra1 59. g5 Rg1 60. g6 Nd6 61. Rd7 Kc6 62. Re7 Rf1 63. Re5 Rg1 64. g7 Nxf5 65.
Rxf5 a5 66. Kf7 Rf1 67. Rxf1 a4 68. Rf6+ Kd5 69. g8=Q Kc4 70. Qg5 a3 71. Rf3 a2 72.
Qf4+ Kb3 73. c4+ Kb2 74. Rf1 a1=Q 75. Qd2+ Kb3 76. Rxa1 Kxc4 77. Rc1+ Kb3 78. Qc2+ Ka3 79. Ra1+ Kxb4 80. Rb1+ Ka3 81. Qb2+ Ka4 82. Qb4# 1-0

[Event "*** Titled Tuesday Blitz"]
[Site "Chess.com"]
[Date "2021.02.02"]
[Round "7"]
[White "krasavetc"]
[Black "adriangschnitzer"]
[Result "1-0"]
[WhiteElo "2371"]
[BlackElo "2488"]
[TimeControl "180+1"]
[EndTime "11:21:26 PST"]
[Termination "krasavetc won on time"]

1. e4 c5 2. Nf3 Nc6 3. c3 d5 4. exd5 Qxd5 5. Be2 e6 6. O-O Nf6 7. Na3 Be7 8. Nc4 O-O 9. Ne3 Qd7 10. Qa4 b6 11. Bb5 Bb7 12. Ne5 Nxe5 13. Bxd7 Nfxd7 14. d4 Bc6 15. Qc2 Ng6 16. Rd1 Nf6 17.
Qe2 Nf4 18. Qf1 Rfd8 19. Nf5 Bxg2 20. Nxe7+ Kf8 21. Qb5 N6h5 22. Bxf4 Nxf4 23. Nc6 Rd5 24. h4 Bf3 25. Ne5 Bxd1 26. Rxd1 Rad8 27. Qc6 Rxe5 28. dxe5 Rxd1+ 29. Kh2 Rd2 30. Qc8+ Ke7 31. Qc7+ Rd7 32. Qb8 Nd3 33. Qg8 Nxe5 34. Qxg7 Nd3 35. Qxh7 Nxf2 36. Qg7 Rd5 37. Kg2 Ne4 38. Kf3 Nf6 39. Qh8 Rf5+ 40.
Kg3 Rd5 41. Qb8 Rd7 42. Kf4 Nd5+ 43. Kg5 Rd8 44. Qxa7+ Kf8 45. h5 Ne7 46. Qxb6 Rd5+ 47.
Kg4 Kg7 48. a4 Rf5 49. a5 Nd5 50. Qd8 Nf6+ 51. Kg3 Nxh5+ 52. Kg2 Nf4+ 53. Kg3 Nh5+ 54. Kh3 Nf4+ 55. Kg4 Ng6 56. a6 Rf4+ 57. Kg3 Ra4 58. Qb6 f5 59. a7 f4+ 60. Kg4 Kf6 61. Qd8+ Ke5 62. a8=Q f3+ 63. Kxf3 Rf4+ 64. Ke3 Nh4 65. Kd2 Kf5 66. Qf8+ Kg4 67. Qh8 Nf3+ 68. Kc1 Kg3 69. Qag8+ Kf2 70. Qb8 Re4 71. Kb1 Re1+ 72. Ka2 Re4 73.
Qf6 Ke2 74. Qbf8 Nd2 75. Qf2+ Kd1 76. Q8f3+ Nxf3 77. Qxf3+ Re2 78. Kb3 Kd2 79. Kc4 Re3 80.
Qf2+ 1-0

[Event "*** Titled Tuesday Blitz"]
[Site "Chess.com"]
[Date "2021.02.02"]
[Round "7"]
[White "Loy_Konstantin"]
[Black "klimkoj"]
[Result "1/2-1/2"]
[WhiteElo "2374"]
[BlackElo "2543"]
[TimeControl "180+1"]
[EndTime "11:21:37 PST"]
[Termination "Game drawn - timeout vs insufficient material"]

1. e4 c5 2. Nf3 d6 3. d4 cxd4 4.
Qxd4 Nc6 5. Bb5 a6 6. Bxc6+ bxc6 7. c4 e5 8. Qd3 Ne7 9. Nc3 Ng6 10. O-O Be7 11.
Rd1 O-O 12. c5 dxc5 13. Qxd8 Rxd8 14. Rxd8+ Bxd8 15. Be3 c4 16. Rc1 Rb8 17. Rc2 Be7 18.
Nd2 Be6 19. Nd1 Rd8 20. Kf1 Bb4 21. Ke2 Bxd2 22. Rxd2 Rc8 23. Nc3 f5 24. exf5 Bxf5 25. Rd6 Bd3+ 26. Ke1 Nh4 27. g3 Nf5 28. Rd7 Nxe3 29.
fxe3 Rb8 30. Nd1 h5 31. Rc7 Rb6 32. a4 Rb4 33. a5 Rb5 34. Rxc6 Rxa5 35. Kd2 Ra1 36. Nf2 Bf5 37. Rxc4 Rf1 38. Ne4 Rh1 39. h4 Rg1 40. Ng5 Rxg3 41. Kc3 Kf8 42. Kd2 Rg2+ 43. Kc1 Rg3 44. Rc3 g6 45. b4 Ke8 46. Kd2 Kd7 47. Ra3 Rg2+ 48. Ke1 Rg4 49. Rxa6 Rxb4 50. Nf3 Re4 51. Kf2 Ke7 52. Ra7+ Kd6 53. Ra6+ Kc7 54.
Ra3 Kd6 55. Kg3 Rg4+ 56. Kf2 Rb4 57. Kg3 Bg4 58. Ng5 Rb1 59. Ra6+ Kd5 60. Rxg6 Rf1 61.
Rg7 Rf8 62. Rf7 Re8 63. Kf2 Kc4 64. Rc7+ Kd3 65. Rf7 Ra8 66. e4 Ra2+ 67. Kg3 Ke3 68. Rf1 Re2 69. Nf7 Kxe4 70. Rf6 Re3+ 71. Kg2 Rd3 72. Ng5+ Kd4 73. Rd6+ Kc3 74. Rxd3+ Kxd3 75. Kf2 e4 76. Ke1 e3 77. Nf7 Ke4 78. Nd6+ Kf3 79. Nc4 Bf5 80. Nd6 Bd3 81. Nf7 Kf4 82. Nd6 Kg4 83.
Nf7 Kxh4 84. Ne5 Ba6 85. Ng6+ 1/2-1/2

[Event "*** Titled Tuesday Blitz"]
[Site "Chess.com"]
[Date "2021.02.02"]
[Round "7"]
[White "Szparu"]
[Black "LisikValera"]
[Result "1-0"]
[WhiteElo "2661"]
[BlackElo "2483"]
[TimeControl "180+1"]
[EndTime "11:21:53 PST"]
[Termination "Szparu won by resignation"]

1. e4 e6 2. d4 d5 3. Nd2 Nc6 4.
Ngf3 Nf6 5. Bd3 Nb4 6. O-O Nxd3 7.
cxd3 Be7 8. Re1 O-O 9. Nf1 b6 10. Ng3 Bb7 11. Bf4 Rc8 12. e5 Ne8 13. Nh5 c5 14. Re3 g6 15. Ng3 Ng7 16. Bh6 Re8 17. Qa4 Bc6 18. Qd1 Bb5 19. a4 Ba6 20. dxc5 bxc5 21.
d4 cxd4 22. Nxd4 Qb6 23. Qg4 Rc4 24. Rd1 Nf5 25. Ngxf5 exf5 26. Qf4 Bc5 27. Red3 Qxb2 28. e6 Rxd4 29. Rxd4 Bxd4 30. Rxd4 Qb1+ 31. Qc1 Qxc1+ 32.
Bxc1 fxe6 33. f4 Rb8 34. Ba3 Bc4 35. Bc5 a6 36. a5 Rb2 37. Rd1 Kf7 38. Re1 Bd3 39.
Bf2 Ke8 40. Rc1 Kd7 41. Bb6 Bc4 42. h3 h6 43. Rc3 Ke7 44. Rg3 Kf7 45. h4 Rd2 46.
Rc3 g5 47. hxg5 hxg5 48. g3 Kg6 49. Be3 gxf4 50. Bxd2 fxg3 51. Rxg3+ Kf6 52. Rh3 e5 53. Rh6+ Kf7 54. Rd6 f4 55. Bb4 e4 56. Bc3 Ke7 57. Rh6 Kd7 58. Bd4 Ke7 59. Rf6 f3 60. Kf2 Kd7 61. Ke3 Ke7 62. Rb6 Kd7 63. Be5 Ke7 64.
Bg3 Kd7 65. Kd4 Ke7 66. Rb7+ Ke6 67. Rh7 Kf5 68. Rh4 Kg5 69. Bf2 Kf5 70. Ke3 Ke5 71. Rh5+ Kd6 72. Kd4 Ke6 73. Be3 Kf6 74. Rh6+ Kf5 75.
Rh4 Kf6 76. Rf4+ Ke6 77. Rg4 Kf6 78. Rg1 Kf5 79. Rg5+ Kf6 80. Rg8 Kf7 81. Rc8 Kf6 82. Rf8+ Kg6 83. Ke5 Kh5 84. Rf7 Kg4 85. Rg7+ Kh3 86.
Kf4 Be2 87. Bf2 Kh2 88. Rg5 Kh3 89. Rxd5 Kg2 90. Be3 Bd3 91. Rg5+ Kf1 92. Rh5 Ke2 93. Rh2+ Ke1 94. Rf2 Kd1 95. Ke5 Ke1 96. Kd4 Kd1 97. Kc3 Ke1 98. Rh2 Kf1 99. Rf2+ Ke1 100. Rb2 Kf1 101.
Kd4 Ke1 102. Bf2+ Kf1 103. Ke3 Be2 104. Rb6 Bd3 105. Rg6 1-0

[Event "*** Titled Tuesday Blitz"]
[Site "Chess.com"]
[Date "2021.02.02"]
[Round "7"]
[White "ChessQueen"]
[Black "igorkovalenko"]
[Result "1/2-1/2"]
[WhiteElo "2725"]
[BlackElo "2869"]
[TimeControl "180+1"]
[EndTime "11:21:57 PST"]
[Termination "Game drawn - insufficient material"]

1. e4 c5 2. c3 Nf6 3. e5 Nd5 4.
d4 d6 5. Nf3 cxd4 6. cxd4 dxe5 7.
dxe5 Nc6 8. Bc4 Ndb4 9. Qxd8+ Nxd8 10. Na3 a6 11. Bd2 Ndc6 12. h3 e6 13. O-O Be7 14. Rfc1 b5 15. Be2 Bb7 16. Nc2 Nxc2 17. Rxc2 O-O 18.
a3 Rfd8 19. Rac1 Rac8 20. Be3 h6 21. Bb6 Re8 22. Bd3 Nb8 23. Rc7 Rxc7 24. Rxc7 Bd5 25. Nd4 Bg5 26. g3 Bd2 27. Rc2 Nd7 28. Bc7 Bg5 29.
f4 Be7 30. b4 Rc8 31. Ba5 Rxc2 32. Bxc2 f6 33. Bc7 fxe5 34. fxe5 Bg5 35. Kf2 Bd2 36.
Ke2 Bc3 37. Kd3 Bb2 38. a4 Bc4+ 39. Ke4 Bc3 40. axb5 axb5 41. Bd6 Kf7 42. Bd3 Bxd3+ 43. Kxd3 Bxd4 44. Kxd4 Kg6 45. Ke4 Kf7 46. g4 Kg6 47. Be7 Nb6 48. Bd6 Na4 49. Be7 Kf7 50. Bd6 Kg6 51. Be7 h5 52. Kf4 hxg4 53. hxg4 Nc3 54. Bc5 Na4 55. Be7 Nb6 56. Bc5 Nc4 57.
Be7 Nb6 58. Bd6 Nd5+ 59. Kf3 Kg5 60. Kg3 Kh6 61. Kh4 Kg6 62. Kg3 Kg5 63. Kf3 Kh4 64. Bc5 Kh3 65. Bf8 g6 66. Bc5 g5 67.
Bd6 Nc3 68. Be7 Kh4 69. Bc5 Nd5 70. Bd6 Nb6 71. Be7 Nc4 72. Bd6 Nd2+ 73. Ke3 Nb3 74. Kf3 Nd4+ 75. Ke4 Nc6 76. Kf3 Kh3 77. Bc5 Nxe5+ 78.
Ke4 Nxg4 79. Be7 Kh4 80. Kd4 Kh5 81. Kc5 Ne3 82. Kxb5 g4 83. Kc5 g3 84. Bd6 g2 85.
Bh2 Kg4 86. b5 Nd5 87. b6 Nxb6 88. Kxb6 e5 89. Kc5 Kf3 90. Kc4 e4 91. Kc3 e3 92.
Bg1 Ke2 93. Kd4 Kf1 94. Bxe3 Ke2 95. Bg1 Kf1 96. Be3 Ke2 97. Bg1 Kf3 98. Kd3 Kg3 99.
Ke2 Kg4 100. Kf2 Kf5 101. Kxg2 1/2-1/2

[Event "*** Titled Tuesday Blitz"]
[Site "Chess.com"]
[Date "2021.02.02"]
[Round "7"]
[White "catzapto"]
[Black "ybruned"]
[Result "1/2-1/2"]
[WhiteElo "2123"]
[BlackElo "2310"]
[TimeControl "180+1"]
[EndTime "11:22:21 PST"]
[Termination "Game drawn by repetition"]

1. e4 b6 2. Nf3 Bb7 3. Bc4 e6 4. Qe2 c5 5. c3 d5 6. exd5 Bxd5 7. Bxd5 Qxd5 8. Na3 Nf6 9. Nb5 Qb7 10. Qe5 Nc6 11. Qc7 Rb8 12. Nd6+ Bxd6 13. Qxd6 Qd7 14. Qxd7+ Nxd7 15. O-O O-O 16. a3 Nde5 17. Nxe5 Nxe5 18. d4 Nd3 19. Rd1 c4 20. Rb1 Rfd8 21. Be3 b5 22. b3 a6 23. Kf1 f6 24. Ke2 Kf7 25. a4 e5 26. axb5 axb5 27. Ra1 Rb7 28.
bxc4 bxc4 29. Ra4 Rc8 30. Rxc4 Rxc4 31. Kxd3 Rbc7 32. Bd2 exd4 33. cxd4 Rc8 34. Be3 R4c7 35. Ke4 Re7+ 36. Kd3 Rd7 37. g3 g5 38. Ke4 Kg6 39.
h3 Re8+ 40. Kf3 f5 41. d5 Red8 42. g4 Rxd5 43. gxf5+ Kxf5 44. Rg1 h6 45. h4 Kf6 46.
hxg5+ hxg5 47. Rh1 Rf5+ 48. Kg4 Rdd5 49. Rh6+ Kg7 50. Rh5 Kf7 51. Rxg5 Rxg5+ 52. Bxg5 Kg6 53. f4 Rf5 54. Kf3 Ra5 55. Kg4 Ra4 56. Bd8 Ra8 57.
Bg5 Re8 58. f5+ Kf7 59. Kh5 Re5 60. Kg4 Re4+ 61. Kh5 Ra4 62. Bh4 Ra5 63. Kg5 Rb5 64. Kf4 Rd5 65. Bg5 Rb5 66. Kg4 Rb4+ 67. Kh5 Re4 68.
Bh4 Re2 69. Kg5 Rg2+ 70. Kh5 Rh2 71. Kg5 Rh1 72. Kh5 Kg7 73. Kg5 Kh7 74. Kh5 Rg1 75.
Bg5 Rg2 76. Bh4 Kg8 77. Bg5 Kf7 78. Bh4 Ke8 79. Bg5 Kd7 80. Kg6 Ke8 81. f6 Rf2 82.
Bh6 Rg2+ 83. Kf5 Rf2+ 84. Kg6 Rg2+ 85. Kf5 Kf7 86. Bg7 Rg6 87. Ke5 Rg5+ 88. Kf4 Rb5 89. Ke4 Ke6 90. Kf4 Rf5+ 91. Kg4 Rb5 92. Kf4 Kf7 93. Ke4 Kg6 94. Kd4 Rh5 95. Ke4 Kf7 96.
Kf4 Ke6 97. Kg4 Rb5 98. Kf4 1/2-1/2

[Event "*** Titled Tuesday Blitz"]
[Site "Chess.com"]
[Date "2021.02.02"]
[Round "8"]
[White "Kale36"]
[Black "CraiggoryC"]
[Result "1-0"]
[WhiteElo "2277"]
[BlackElo "2125"]
[TimeControl "180+1"]
[EndTime "11:24:42 PST"]
[Termination "Kale36 won by resignation"]

1. d4 Nf6 2. Nc3 d5 3. Bg5 e6 4. e4 dxe4 5. Nxe4 Be7 6. Bxf6 Bxf6 7. Nf3 Nd7 8. c3 Be7 9. Bd3 c5 10. dxc5 Nxc5 11. Nxc5 Bxc5 12. Qc2 Qc7 13. O-O-O Bd7 14. Rhe1 O-O-O 15. Ne5 Bd6 16. Nxf7 Ba4 17. Nxd6+ 1-0

[Event "*** Titled Tuesday Blitz"]
[Site "Chess.com"]
[Date "2021.02.02"]
[Round "8"]
[White "kingofthenil"]
[Black "AlexSuv"]
[Result "1-0"]
[WhiteElo "2674"]
[BlackElo "2482"]
[TimeControl "180+1"]
[EndTime "11:25:02 PST"]
[Termination "kingofthenil won by resignation"]

1. e4 c5 2. d3 g6 3. g3 Bg7 4. Bg2 Nc6 5. f4 e6 6. Nf3 Nge7 7. O-O O-O 8. c3 d6 9. Be3 b6 10. d4 Ba6 11. Re1 cxd4 12. cxd4 Rc8 13. Nc3 Nb4 14.
Qa4 Nec6 15. a3 b5 16. Qd1 1-0

[Event "*** Titled Tuesday Blitz"]
[Site "Chess.com"]
[Date "2021.02.02"]
[Round "8"]
[White "Deepweb2020"]
[Black "Carnivoras"]
[Result "1-0"]
[WhiteElo "2396"]
[BlackElo "2563"]
[TimeControl "180+1"]
[EndTime "11:25:20 PST"]
[Termination "Deepweb2020 won by resignation"]

1. d4 d5 2. c4 c6 3. cxd5 cxd5 4. Nc3 Nf6 5. Bf4 e6 6. e3 Bd6 7. Bxd6 Qxd6 8. f4 O-O 9. Nf3 a6 10. Bd3 b5 11. O-O Bb7 12. Ne5 Nbd7 13. Rf3 Ne4 14. Rh3 f5 15. Qh5 Ndf6 16. Qh4 Nxc3 17. bxc3 Rac8 18. g4 Rxc3 19. g5 1-0